Map: Temple gelé

Players

zidar - Winner!

  • Race: Zerg Zerg
  • Spawn Location: 5:00

Majestyk

  • Race: Protoss Protoss
  • Spawn Location: 11:00

VOD

Have the link to the VOD?

Description

Time

  • Played on: Oct. 19, 2016, 10:22 a.m.
  • Length: 20:49
Show
View Real Time Build Order
Export as new Build Order

zidar Zerg - Winner!

Build Orders: Hatch First, Lurkers 

Get SALT Encoding   

  12  0:03  Drone  
  13  0:12  Overlord  
  13  0:18  Drone  
  14  0:31  Drone x2  
  16  0:53  Hatchery  
  16  0:56  Drone  
  16  1:00  Extractor  
  15  1:08  Drone  
  16  1:19  Spawning Pool  
  16  1:23  Drone  
  16  1:33  Drone x2  
  16  1:38  Drone  
  19  1:47  Overlord  
  19  2:06  Metabolic Boost  
  19  2:08  Zergling x6  
  22  2:16  Queen  
  24  2:33  Queen  
  26  2:39  Drone x3  
  26  2:40  Drone  
  26  2:43  Drone  
  30  3:06  Zergling x6  
  33  3:15  Drone x3  
  36  3:21  Overlord  
  36  3:38  Lair, Queen  
  38  3:42  Drone x5  
  38  3:47  Extractor  
  42  4:10  Evolution Chamber  
  41  4:18  Evolution Chamber  
  41  4:23  Baneling Nest  
  39  4:35  Zergling x10  
  44  4:45  Hydralisk Den, Drone  
  44  4:47  Overlord  
  44  4:48  Overlord x4  
  44  4:50  Overseer  
  44  5:03  Pneumatized Carapace  
  44  5:08  Baneling x2  
  44  5:09  Baneling x2  
  44  5:12  Zerg Melee Weapons Level 1  
  44  5:18  Extractor  
  44  5:20  Extractor, Drone x4  
  46  5:23  Drone x6  
  52  5:37  Zerg Ground Armor Level 1  
  52  5:40  Drone  
  52  5:42  Drone x3  
  56  5:49  Drone x2  
  58  6:07  Hatchery  
  58  6:09  Hydralisk x2  
  61  6:13  Drone x2  
  61  6:15  Drone  
  64  6:28  Hydralisk x2  
  64  6:29  Hydralisk  
  64  6:30  Hydralisk  
  69  6:51  Hydralisk  
  69  6:52  Hydralisk x5  
  80  6:59  Lurker Den  
  80  7:23  Zergling x2  
  80  7:24  Zergling x2  
  80  7:27  Overlord  
  80  7:28  Overlord x4  
  82  7:45  Queen  
  82  7:48  Drone  
  82  7:49  Drone x10  
  95  7:59  Centrifical Hooks  
  95  8:02  Zerg Missile Weapons Level 1  
  95  8:05  Zerg Ground Armor Level 2  
  95  8:13  Drone x3  
  95  8:17  Hydralisk  
  95  8:18  Hydralisk  
  102  8:24  Drone x2  
  104  8:27  Extractor  
  104  8:29  Extractor  
  102  8:34  Hydralisk x5  
  102  8:40  Lurker x4  
  116  8:52  Muscular Augments  
  116  9:12  Drone x3  
  116  9:13  Drone x3  
  116  9:17  Overlord x5  
  122  9:44  Hydralisk, Infestation Pit  
  122  9:45  Hydralisk x4  
  131  9:46  Zergling x18  
  131  9:49  Baneling x7  
  140  9:56  Zerg Missile Weapons Level 2  
  140  10:21  Zerg Melee Weapons Level 2  
  140  10:25  Lurker x3  
  140  10:26  Lurker  
  140  10:28  Hydralisk x6  
  144  10:33  Hatchery  
  155  10:44  Hive  
  155  11:03  Lurker x2  
  155  11:04  Lurker  
  158  11:06  Hydralisk x2  
  158  11:10  Overlord x6  
  162  11:12  Overseer x2  
  162  12:08  Zergling x2  
  162  12:09  Zergling x20  
  162  12:10  Zergling x6  
  176  12:16  Baneling x9  
  176  12:17  Baneling x3  
  176  12:31  Zerg Ground Armor Level 3  
  176  12:38  Spire  
  175  12:56  Adrenal Glands  
  96  13:39  Hydralisk  
  96  13:40  Hydralisk x25  
  144  14:07  Lurker x5  
  149  14:10  Overseer  
  129  14:43  Zergling x32  
  129  14:44  Zergling x6  
  148  14:49  Extractor  
  148  14:51  Extractor, Zerg Melee Weapons Level 3  
  146  15:19  Baneling x14  
  146  15:20  Baneling  
  146  15:38  Hydralisk x3  
  146  15:39  Hydralisk x12  
  112  16:37  Hydralisk x20  
  112  16:38  Hydralisk  
  154  17:02  Drone x6  
  154  17:03  Drone  
  154  17:04  Drone  
  162  17:50  Hatchery  
  122  18:27  Hydralisk x20  
  122  18:28  Hydralisk x2  
  122  18:30  Lurker  
  122  18:31  Lurker  
  147  19:05  Overseer x2  
  147  19:06  Overseer  
  138  19:19  Zergling x6  
  138  19:20  Zergling x22  
  138  19:21  Zergling x6  
  155  19:24  Lurker  
  155  19:25  Lurker x3  
  155  19:26  Lurker  
  155  19:28  Zergling x2  
  155  19:29  Zergling x12  
  167  19:36  Extractor x2  
Show
View Real Time Build Order
Export as new Build Order

Majestyk Protoss 

Build Orders: 1 Gate Expand 

Get SALT Encoding   

  12  0:01  Probe (Chrono Boost)  
  13  0:12  Probe (Chrono Boost)  
  14  0:24  Probe (Chrono Boost)  
  14  0:25  Pylon  
  15  0:44  Gateway  
  15  0:47  Probe (Chrono Boost)  
  16  0:55  Assimilator  
  17  1:04  Probe (Chrono Boost)  
  17  1:15  Probe (Chrono Boost)  
  18  1:25  Pylon  
  18  1:39  Probe (Chrono Boost)  
  19  1:40  Nexus  
  19  1:47  Cybernetics Core  
  19  1:54  Probe (Chrono Boost)  
  20  2:05  Pylon  
  20  2:08  Probe (Chrono Boost)  
  21  2:12  Assimilator  
  21  2:19  Zealot (Chrono Boost)  
  23  2:24  Mothership Core  
  25  2:39  Gateway  
  25  2:54  Probe x2  
  27  3:04  Gateway, Probe  
  27  3:06  Probe  
  29  3:22  Gateway, Stalker (Chrono Boost)  
  31  3:29  Probe  
  31  3:31  Zealot (Chrono Boost)  
  34  3:41  Probe  
  34  3:43  Probe  
  36  3:51  Stalker (Chrono Boost)  
  36  3:53  Probe  
  36  3:54  Probe  
  41  3:55  Sentry (Chrono Boost)  
  42  4:05  Warp Gate (Chrono Boost)  
  42  4:06  Probe  
  42  4:08  Stalker  
  45  4:17  Zealot  
  45  4:19  Probe  
  48  4:24  Pylon  
  48  4:30  Pylon  
  48  4:32  Probe  
  48  4:33  Probe  
  48  4:38  Assimilator  
  50  4:40  Assimilator  
  50  4:43  Probe  
  52  4:45  Probe  
  52  4:49  Robotics Facility  
  52  4:54  Twilight Council  
  52  5:01  Probe x2, Forge  
  54  5:11  Stalker  
  54  5:13  Probe  
  54  5:14  Sentry, Stalker  
  59  5:19  Stalker  
  63  5:29  Probe  
  64  5:40  Probe  
  65  5:47  Probe  
  65  5:49  Protoss Ground Weapons Level 1  
  66  5:50  Probe  
  66  5:51  Blink  
  66  5:52  Observer  
  68  5:59  Probe  
  68  6:01  Probe  
  70  6:07  Photon Cannon  
  70  6:20  Pylon  
  70  6:25  Pylon  
  70  6:33  Pylon  
  70  6:38  Probe, Immortal  
  69  6:50  Zealot x2  
  69  6:51  Zealot  
  69  6:52  Zealot  
  77  6:55  Probe  
  78  7:06  Probe  
  79  7:26  Nexus  
  79  7:39  Probe, Pylon  
  79  7:43  Immortal  
  84  7:45  Protoss Ground Weapons Level 2 (Chrono Boost)  
  84  7:48  Stalker x2  
  84  7:49  Stalker  
  84  7:51  Stalker  
  92  7:52  Probe  
  92  7:55  Pylon  
  93  8:00  Pylon  
  93  8:01  Charge  
  93  8:03  Pylon  
  93  8:08  Gateway  
  93  8:13  Gateway  
  93  8:17  Gateway, Stalker  
  93  8:18  Stalker x3  
  101  8:26  Assimilator  
  101  8:28  Assimilator  
  101  8:32  Gateway, Photon Cannon  
  101  8:37  Gateway  
  101  8:39  Photon Cannon  
  101  8:42  Probe x2  
  101  8:45  Probe  
  104  8:52  Probe  
  104  8:53  Probe  
  106  8:57  Probe  
  106  8:59  Stalker  
  106  9:00  Stalker x2  
  113  9:09  Probe  
  114  9:12  Forge  
  114  9:21  Probe  
  115  9:30  Zealot x2  
  119  9:31  Zealot  
  119  9:32  Zealot  
  119  9:34  Zealot x2  
  119  9:35  Zealot  
  129  9:41  Immortal  
  133  9:45  Protoss Ground Armor Level 1 (Chrono Boost)  
  133  9:52  Probe  
  134  10:04  Probe  
  135  10:07  Protoss Ground Weapons Level 3 (Chrono Boost)  
  135  10:18  Robotics Bay  
  135  10:20  Gateway  
  135  10:25  Stalker x2  
  135  10:26  Stalker  
  141  10:35  Pylon  
  141  10:38  Pylon  
  141  10:42  Pylon  
  141  10:45  Pylon  
  141  10:50  Pylon  
  141  11:00  Robotics Facility  
  141  11:04  Stalker  
  141  11:05  Stalker x3  
  141  11:06  Stalker x3  
  141  11:07  Stalker x2  
  159  11:21  Probe  
  159  11:22  Probe  
  159  11:23  Probe  
  162  11:33  Probe x2  
  162  11:34  Probe  
  165  11:46  Colossus  
  171  11:49  Zealot  
  171  11:50  Zealot  
  171  11:51  Zealot x2  
  171  11:52  Zealot  
  181  11:57  Protoss Ground Armor Level 2 (Chrono Boost)  
  181  11:59  Extended Thermal Lance  
  181  12:07  Pylon  
  181  12:08  Pylon  
  181  12:12  Nexus  
  181  12:26  Colossus  
  187  12:34  Protoss Shields Level 1 (Chrono Boost)  
  187  12:49  Assimilator  
  187  12:51  Assimilator  
  119  13:19  Stalker  
  93  13:20  Stalker x4  
  93  13:21  Stalker x2  
  105  13:33  Observer  
  88  13:34  Observer  
  80  13:43  Zealot  
  80  13:44  Zealot x4  
  80  13:45  Zealot x2  
  86  14:05  Colossus x2  
  98  14:17  Nexus  
  98  14:26  Nexus  
  98  14:30  Stalker  
  98  14:31  Stalker  
  102  14:32  Stalker x2  
  102  14:33  Stalker x2  
  110  14:47  Pylon  
  110  15:05  Assimilator  
  110  15:07  Assimilator  
  110  15:08  Stalker  
  110  15:09  Stalker  
  110  15:10  Stalker  
  110  15:11  Sentry x2  
  110  15:13  Sentry  
  122  15:15  Colossus x2  
  122  15:21  Zealot  
  136  15:38  Protoss Ground Armor Level 3 (Chrono Boost)  
  136  15:39  Protoss Shields Level 2 (Chrono Boost)  
  117  16:07  Zealot x2  
  117  16:08  Stalker  
  117  16:09  Stalker  
  117  16:10  Stalker x3  
  88  16:33  Stalker x3  
  88  16:34  Stalker x3  
  88  16:35  Stalker  
  102  16:42  Observer x2  
  104  16:58  Pylon  
  104  17:07  Zealot  
  104  17:08  Stalker x2  
  108  17:10  Colossus  
  108  17:12  Observer  
  108  17:14  Gravitic Boosters  
  117  17:41  Colossus  
  117  17:42  Nexus  
  103  18:04  Observer, Stalker  
  103  18:05  Stalker x3  
  103  18:13  Zealot  
  103  18:14  Zealot x2  
  105  18:26  Observer  
  100  18:27  Stalker  
  102  18:39  Stalker  
  102  18:40  Stalker x2  
  94  19:02  Stalker x3  
  86  19:17  Colossus  
  92  19:27  Assimilator  
  92  19:29  Assimilator  
  98  20:03  Pylon  
  98  20:08  Pylon  
  98  20:11  Pylon  
  66  20:26  Stalker x2  
  66  20:27  Zealot x2  
  66  20:28  Zealot x2  
  70  20:29  Zealot  
  70  20:30  Zealot  
Tags
 
Add a new tag
Caveats
  • Supply blocks, unpowered buildings, or Contaminate may cause inaccurate times.
  • Supply counts are checked every 10 seconds.